TOP OF THE 1ST |
Hillsboro Hops batting - Pitching for Tri-City Dust Devils : RHP Sean Fowler
|
Pitching: RHP Sean Fowler
|
|
Batting: RHB Yutaka Oki
|
0-0: Ball 1-0: Called Strike 1-1: Ball 2-1: Called Strike 2-2: Ball 3-2: SINGLE (Groundball, 4S, EV 75.6 MPH) (infield hit)
|
Batting: RHB Daniel Rivera
|
0-0: Called Strike Yutaka Oki steals 2nd base 0-1: Foul Ball, location: 2F 0-2: Fly out, F8 (Flyball, 8RM, EV 93.1 MPH)
|
Batting: RHB Tim Borden
|
0-0: Foul Ball, location: 2F 0-1: SINGLE (Groundball, 6, EV 101.9 MPH) Yutaka Oki to third Runner from 3rd tries for Home, throw by CF and OUT! 8-2 Tim Borden to second
|
Batting: LHB Franklin Quezada
|
0-0: Ball 1-0: Foul Ball, location: 2F 1-1: Fly out, F8 (Flyball, 8RD, EV 84.4 MPH)
|
Top of the 1st over - 0 runs, 2 hits, 0 errors, 1 left on base; Hillsboro 0 - Tri-City 0 |
BOTTOM OF THE 1ST |
Tri-City Dust Devils batting - Pitching for Hillsboro Hops : RHP Andrew Yoder
|
Pitching: RHP Andrew Yoder
|
|
Batting: LHB Ramon Vega
|
0-0: Swinging Strike 0-1: Ground out U3 (Groundball, 34, EV 105.6 MPH)
|
Batting: LHB Phil Lerner
|
0-0: Called Strike 0-1: SINGLE (Line Drive, 4D, EV 95.6 MPH)
|
Batting: RHB Mike MacLeod
|
0-0: Called Strike 0-1: Ball 1-1: Called Strike 1-2: Foul Ball, location: 2F 1-2: DOUBLE (Flyball, 78XD, EV 102.5 MPH) Phil Lerner to third Runner from 3rd tries for Home, SAFE, no throw by LF
|
Batting: SHB Isaiah Scates
|
0-0: Ball 1-0: Swinging Strike 1-1: Called Strike 1-2: Foul Ball, location: 2F 1-2: Foul Ball, location: 2F 1-2: Ball 2-2: Ball 3-2: Fly out, F4 (Popup, 4D, EV 60.6 MPH)
|
Batting: RHB Hector Fernandez
|
0-0: Ground out 6-3 (Groundball, 6, EV 108.8 MPH)
|
Bottom of the 1st over - 1 run, 2 hits, 0 errors, 1 left on base; Hillsboro 0 - Tri-City 1 |
TOP OF THE 2ND |
Hillsboro Hops batting - Pitching for Tri-City Dust Devils : RHP Sean Fowler
|
Batting: RHB Danny Loyola
|
0-0: Ball 1-0: Ball 2-0: Ball 3-0: Called Strike 3-1: Ground out 5-3 (Groundball, 56S, EV 85.6 MPH)
|
Batting: RHB Cesar Rendon
|
0-0: Foul Ball, location: 2F 0-1: Ball 1-1: Called Strike 1-2: Foul Ball, location: 2F 1-2: Ground out U3 (Groundball, 3S, EV 85.0 MPH)
|
Batting: RHB Jonathan Underhill
|
0-0: Foul Ball, location: 2F 0-1: Ground out 2-3 (Groundball, 2L, EV 67.5 MPH)
|
Top of the 2nd over - 0 runs, 0 hits, 0 errors, 0 left on base; Hillsboro 0 - Tri-City 1 |
BOTTOM OF THE 2ND |
Tri-City Dust Devils batting - Pitching for Hillsboro Hops : RHP Andrew Yoder
|
Batting: RHB Eric McMillian
|
0-0: Ball 1-0: Swinging Strike 1-1: Foul Ball, location: 2F 1-2: Strikes out swinging
|
Batting: RHB Phil McFadden
|
0-0: Called Strike 0-1: Ball 1-1: Ball 2-1: Ball 3-1: Called Strike 3-2: Fly out, F8 (Flyball, 8LD, EV 105.6 MPH)
|
Batting: RHB Frank Elizondo
|
0-0: Hit by Pitch
|
Batting: RHB Max Stillo
|
0-0: Foul Ball, location: 2F 0-1: Ball 1-1: Swinging Strike 1-2: Strikes out looking
|
Bottom of the 2nd over - 0 runs, 0 hits, 0 errors, 1 left on base; Hillsboro 0 - Tri-City 1 |
TOP OF THE 3RD |
Hillsboro Hops batting - Pitching for Tri-City Dust Devils : RHP Sean Fowler
|
Batting: RHB Sean Tanner
|
0-0: Foul Ball, location: 2F 0-1: Called Strike 0-2: Strikes out swinging
|
Batting: LHB Josh Kirk
|
0-0: Ball 1-0: Called Strike 1-1: Ground out 6-3 (Groundball, 6S, EV 85.0 MPH)
|
Batting: RHB Yutaka Oki
|
0-0: Called Strike 0-1: Swinging Strike 0-2: Foul Ball, location: 2F 0-2: Ball 1-2: Ball 2-2: Strikes out swinging
|
Top of the 3rd over - 0 runs, 0 hits, 0 errors, 0 left on base; Hillsboro 0 - Tri-City 1 |
BOTTOM OF THE 3RD |
Tri-City Dust Devils batting - Pitching for Hillsboro Hops : RHP Andrew Yoder
|
Batting: LHB Ramon Vega
|
0-0: Ball 1-0: Ball 2-0: Swinging Strike 2-1: Swinging Strike 2-2: Foul Ball, location: 2F 2-2: Foul Ball, location: 2F 2-2: Strikes out swinging
|
Batting: LHB Phil Lerner
|
0-0: Called Strike 0-1: Foul Ball, location: 2F 0-2: Ball 1-2: Ball 2-2: Strikes out swinging
|
Batting: RHB Mike MacLeod
|
0-0: Foul Ball, location: 2F 0-1: Ball 1-1: Called Strike 1-2: Foul Ball, location: 2F 1-2: Strikes out looking
|
Bottom of the 3rd over - 0 runs, 0 hits, 0 errors, 0 left on base; Hillsboro 0 - Tri-City 1 |
TOP OF THE 4TH |
Hillsboro Hops batting - Pitching for Tri-City Dust Devils : RHP Sean Fowler
|
Batting: RHB Daniel Rivera
|
0-0: Ground out 6-3 (Groundball, 6MS, EV 90.6 MPH)
|
Batting: RHB Tim Borden
|
0-0: Ball 1-0: Ball 2-0: Ball 3-0: Ground out 5-3 (Groundball, 56, EV 83.1 MPH)
|
Batting: LHB Franklin Quezada
|
0-0: Called Strike 0-1: Ball 1-1: Ground out 5-3 (Groundball, 5L, EV 91.2 MPH)
|
Top of the 4th over - 0 runs, 0 hits, 0 errors, 0 left on base; Hillsboro 0 - Tri-City 1 |
BOTTOM OF THE 4TH |
Tri-City Dust Devils batting - Pitching for Hillsboro Hops : RHP Andrew Yoder
|
Batting: SHB Isaiah Scates
|
0-0: TRIPLE (Line Drive, 89XD, EV 103.8 MPH)
|
Batting: RHB Hector Fernandez
|
0-0: Ball 1-0: Called Strike 1-1: SINGLE (Flyball, 4D, EV 85.0 MPH) Isaiah Scates scores
|
Batting: RHB Eric McMillian
|
0-0: Ball 1-0: Called Strike 1-1: Called Strike 1-2: Strikes out swinging
|
Batting: RHB Phil McFadden
|
0-0: Ball 1-0: Ball 2-0: Ball 3-0: Base on Balls Hector Fernandez to second
|
Batting: RHB Frank Elizondo
|
0-0: Called Strike 0-1: Fielders Choice at 2nd, 4-6 (Groundball, 4MD, EV 101.2 MPH) Hector Fernandez to third
|
Batting: RHB Max Stillo
|
0-0: Foul Ball, location: 2F 0-1: Foul Ball, location: 2F 0-2: Strikes out looking
|
Bottom of the 4th over - 1 run, 2 hits, 0 errors, 2 left on base; Hillsboro 0 - Tri-City 2 |
TOP OF THE 5TH |
Hillsboro Hops batting - Pitching for Tri-City Dust Devils : RHP Sean Fowler
|
Batting: RHB Danny Loyola
|
0-0: Ball 1-0: Called Strike 1-1: Hit by Pitch
|
Batting: RHB Cesar Rendon
|
0-0: Foul Ball, location: 2F 0-1: Ball 1-1: Fly out, F9 (Flyball, 89M, EV 90.0 MPH)
|
Batting: RHB Jonathan Underhill
|
0-0: Ball 1-0: Ball 2-0: Ball 3-0: Base on Balls Danny Loyola to second
|
Batting: RHB Sean Tanner
|
0-0: Ball 1-0: Foul Ball, location: 2F 1-1: Ball 2-1: Foul Ball, location: 2F 2-2: Foul Ball, location: 2F 2-2: Strikes out swinging
|
Batting: LHB Josh Kirk
|
0-0: Ball 1-0: Foul Ball, location: 2F 1-1: Fly out, F7 (Flyball, 78S, EV 95.0 MPH)
|
Top of the 5th over - 0 runs, 0 hits, 0 errors, 2 left on base; Hillsboro 0 - Tri-City 2 |
BOTTOM OF THE 5TH |
Tri-City Dust Devils batting - Pitching for Hillsboro Hops : RHP Andrew Yoder
|
Batting: LHB Ramon Vega
|
0-0: Called Strike 0-1: Fly out, F8 (Flyball, 8RM, EV 93.8 MPH)
|
Batting: LHB Phil Lerner
|
0-0: Ball 1-0: Called Strike 1-1: Called Strike 1-2: Ground out 4-3 (Groundball, 4, EV 83.8 MPH)
|
Batting: RHB Mike MacLeod
|
0-0: Ball 1-0: Called Strike 1-1: Fly out, F9 (Line Drive, 9LM, EV 85.0 MPH)
|
Bottom of the 5th over - 0 runs, 0 hits, 0 errors, 0 left on base; Hillsboro 0 - Tri-City 2 |
TOP OF THE 6TH |
Hillsboro Hops batting - Pitching for Tri-City Dust Devils : RHP Sean Fowler
|
Batting: RHB Yutaka Oki
|
0-0: Ball 1-0: SINGLE (Line Drive, 78S, EV 99.4 MPH)
|
Batting: RHB Daniel Rivera
|
0-0: Ball 1-0: Foul Ball, location: 2F 1-1: Grounds into double play, 5-4-3 (Groundball, 5, EV 83.8 MPH)
|
Batting: RHB Tim Borden
|
0-0: Ground out 6-3 (Groundball, 6, EV 103.1 MPH)
|
Top of the 6th over - 0 runs, 1 hit, 0 errors, 0 left on base; Hillsboro 0 - Tri-City 2 |
BOTTOM OF THE 6TH |
Tri-City Dust Devils batting - Pitching for Hillsboro Hops : RHP Andrew Yoder
|
Batting: SHB Isaiah Scates
|
0-0: Called Strike 0-1: Fly out, F9 (Flyball, 9LM, EV 92.5 MPH)
|
Batting: RHB Hector Fernandez
|
0-0: Ball 1-0: Ground out 6-3 (Groundball, 6, EV 103.1 MPH)
|
Batting: RHB Eric McMillian
|
0-0: Ball 1-0: Ground out 5-3 (Groundball, 56S, EV 80.6 MPH)
|
Bottom of the 6th over - 0 runs, 0 hits, 0 errors, 0 left on base; Hillsboro 0 - Tri-City 2 |
TOP OF THE 7TH |
Hillsboro Hops batting - Pitching for Tri-City Dust Devils : RHP Sean Fowler
|
Batting: LHB Franklin Quezada
|
0-0: Foul Ball, location: 2F 0-1: Foul Ball, location: 2F 0-2: Foul Ball, location: 2F 0-2: Ball 1-2: Reached on error, E4 (Groundball, 13, EV 83.1 MPH)
|
Batting: RHB Danny Loyola
|
0-0: Ball 1-0: Ball 2-0: Swinging Strike 2-1: Ball Franklin Quezada steals 3rd base 3-1: Foul Ball, location: 2F 3-2: Foul Ball, location: 2F 3-2: Foul Ball, location: 2F 3-2: Foul Ball, location: 2F 3-2: Fly out, F4 (Popup, 4, EV 67.5 MPH)
|
Pitching: RHP Gilberto Ricalde
|
|
Batting: RHB Cesar Rendon
|
0-0: Ball 1-0: Ball 2-0: Foul Ball, location: 2F 2-1: Ball 3-1: Base on Balls
|
Batting: RHB Jonathan Underhill
|
0-0: SINGLE (Groundball, 5L, EV 99.4 MPH) Franklin Quezada scores Cesar Rendon to second
|
Pinch Runner at 2nd Alejandro Hernandez:
|
|
Batting: RHB Sean Tanner
|
0-0: Called Strike 0-1: Swinging Strike 0-2: Ball 1-2: Hit by Pitch Alejandro Hernandez to third Jonathan Underhill to second
|
Batting: LHB Josh Kirk
|
0-0: Ball 1-0: Foul Ball, location: 2F 1-1: Ball 2-1: Foul Ball, location: 2F 2-2: Ball 3-2: Foul Ball, location: 2F 3-2: Strikes out swinging
|
Batting: RHB Yutaka Oki
|
0-0: Ball 1-0: Called Strike 1-1: Ball 2-1: Ball 3-1: SINGLE (Line Drive, 8RS, EV 106.9 MPH) Alejandro Hernandez scores Jonathan Underhill to third Sean Tanner to second Runner from 3rd tries for Home, SAFE, throw by CF to home
|
Batting: RHB Daniel Rivera
|
0-0: Called Strike 0-1: Foul Ball, location: 2F 0-2: Ground out 5-3 (Groundball, 56S, EV 89.4 MPH)
|
Top of the 7th over - 3 runs, 2 hits, 1 error, 2 left on base; Hillsboro 3 - Tri-City 2 |
BOTTOM OF THE 7TH |
Tri-City Dust Devils batting - Pitching for Hillsboro Hops : RHP Andrew Yoder
|
Now in LF: Chris McGrath
|
|
Now in CF: Yutaka Oki
|
|
Batting: RHB Phil McFadden
|
0-0: Called Strike 0-1: Ball 1-1: Called Strike 1-2: Foul Ball, location: 2F 1-2: Ball 2-2: Strikes out swinging
|
Batting: RHB Frank Elizondo
|
0-0: Ball 1-0: Called Strike 1-1: SINGLE (Groundball, 34D, EV 96.9 MPH)
|
Batting: RHB Max Stillo
|
0-0: Called Strike 0-1: Ball 1-1: Swinging Strike 1-2: Strikes out swinging
|
Batting: LHB Ramon Vega
|
0-0: Called Strike 0-1: Ball 1-1: Ball 2-1: SINGLE (Groundball, 34S, EV 63.8 MPH) (infield hit) Frank Elizondo to second
|
Pitching: RHP Dan Thompson
|
|
Batting: LHB Phil Lerner
|
0-0: Ball 1-0: Swinging Strike 1-1: Swinging Strike 1-2: Foul Ball, location: 2F 1-2: Fly out, F9 (Flyball, 9, EV 83.8 MPH)
|
Bottom of the 7th over - 0 runs, 2 hits, 0 errors, 2 left on base; Hillsboro 3 - Tri-City 2 |
TOP OF THE 8TH |
Hillsboro Hops batting - Pitching for Tri-City Dust Devils : RHP Gilberto Ricalde
|
Batting: RHB Tim Borden
|
0-0: Ball 1-0: Foul Ball, location: 2F 1-1: Ground out 6-3 (Groundball, P, EV 88.8 MPH)
|
Batting: LHB Franklin Quezada
|
0-0: Ball 1-0: Ball 2-0: Ball 3-0: Called Strike 3-1: Foul Ball, location: 2F 3-2: Foul Ball, location: 2F 3-2: Base on Balls
|
Pitching: RHP Hisatada Sekiguchi
|
|
Batting: RHB Danny Loyola
|
0-0: Ball Franklin Quezada steals 2nd base (no throw) 1-0: Ball 2-0: Swinging Strike 2-1: Ground out 6-3 (Groundball, 6, EV 94.4 MPH) Franklin Quezada to third
|
Batting: RHB Chris McGrath
|
0-0: Fly out, F8 (Flyball, 8RD, EV 103.1 MPH)
|
Top of the 8th over - 0 runs, 0 hits, 0 errors, 1 left on base; Hillsboro 3 - Tri-City 2 |
BOTTOM OF THE 8TH |
Tri-City Dust Devils batting - Pitching for Hillsboro Hops : RHP Dan Thompson
|
Batting: RHB Mike MacLeod
|
0-0: DOUBLE (Groundball, 5L, EV 95.6 MPH)
|
Batting: SHB Isaiah Scates
|
0-0: Ball 1-0: Ball 2-0: Called Strike 2-1: Ball 3-1: Base on Balls
|
Batting: RHB Hector Fernandez
|
0-0: Foul Ball, location: 2F 0-1: Foul Ball, location: 2F 0-2: 3-RUN HOME RUN (Flyball, 7LD, EV 92.5 MPH), Distance : 347 ft
|
Pitching: RHP Nick Garland
|
|
Batting: RHB Eric McMillian
|
0-0: Called Strike 0-1: Fly out, F9 (Flyball, 9D, EV 103.1 MPH)
|
Batting: RHB Phil McFadden
|
0-0: SINGLE (Line Drive, 8RS, EV 86.9 MPH)
|
Batting: RHB Frank Elizondo
|
0-0: Ball 1-0: Called Strike 1-1: Called Strike 1-2: Strikes out looking
|
Batting: RHB Max Stillo
|
0-0: Called Strike 0-1: Fly out, F7 (Flyball, 78M, EV 82.5 MPH)
|
Bottom of the 8th over - 3 runs, 3 hits, 0 errors, 1 left on base; Hillsboro 3 - Tri-City 5 |
TOP OF THE 9TH |
Hillsboro Hops batting - Pitching for Tri-City Dust Devils : RHP Hisatada Sekiguchi
|
Pitching: RHP Josh Mott
|
|
Now at 3B: Ed Oake
|
|
Batting: RHB Jonathan Underhill
|
0-0: Ball 1-0: Ball 2-0: Called Strike 2-1: DOUBLE (Flyball, 78XD, EV 105.0 MPH)
|
Pinch Hitting: LHB Josh Thomas
|
0-0: Ball 1-0: Ball 2-0: Called Strike 2-1: Foul Ball, location: 2F 2-2: Ball 3-2: Foul Ball, location: 2F 3-2: Base on Balls
|
Batting: LHB Josh Kirk
|
0-0: Bunted foul 0-1: Ball 1-1: Bunt missed! 1-2: Strikes out swinging
|
Batting: RHB Yutaka Oki
|
0-0: Swinging Strike 0-1: Ball 1-1: Ball 2-1: Foul Ball, location: 2F 2-2: SINGLE (Groundball, 56D, EV 110.0 MPH) Jonathan Underhill to third Josh Thomas to second
|
Pinch Hitting: SHB Morgan Batson
|
0-0: Swinging Strike 0-1: Swinging Strike 0-2: Fielders Choice at 2nd, 5-4 (Groundball, 56D, EV 81.9 MPH) Jonathan Underhill scores Josh Thomas to third
|
Batting: RHB Tim Borden
|
0-0: Ball 1-0: Fielders Choice at 2nd, 6-4 (Groundball, 6, EV 82.5 MPH)
|
Top of the 9th over - 1 run, 2 hits, 0 errors, 2 left on base; Hillsboro 4 - Tri-City 5 |
|